 Dungeon Crawl Stone Soup version 0.25.1-2-g60ff931df9 (webtiles) character file.

Game seed: 12970796923311863342

2833 H0rd4k the Martial Artist (level 9, 0/55 HPs)
             Began as an Octopode Transmuter on Sept 22, 2020.
             Slain by a two-headed ogre
             ... wielding a +0 giant club
              (8 damage)
             ... on level 7 of the Dungeon on Sept 23, 2020.
             The game lasted 00:15:05 (6759 turns).

H0rd4k the Martial Artist (Octopode Transmuter)     Turns: 6759, Time: 00:15:05

Health: 0/55       AC:  1    Str: 10    XL:     9   Next: 73%
Magic:  17/17      EV: 19    Int: 18    God:
Gold:   289        SH:  0    Dex: 12    Spells: 13/19 levels left

rFire    x . .     SeeInvis .     - Unarmed
rCold    + . .     Gourm    .   (no shield)
rNeg     . . .     Faith    .   (helmet restricted)
rPois    .         Spirit   .   n - amulet of regeneration
rElec    .         Reflect  .   B - ring of ice
rCorr    .         Harm     .   E - +4 ring of evasion
MR       .....                  (no ring)
Stlth    ++++......             (no ring)
HPRegen  0.58/turn              (no ring)
MPRegen  0.15/turn              (no ring)
                                (no ring)
                                (no ring)

@: lethally poisoned (0 -> -7)
A: almost no armour, stealthy swim, amphibious, 8 rings, constrict 8, camouflage
1, gelatinous body 1
a: no special abilities


You were on level 7 of the Dungeon.
You were not hungry.

You visited 1 branch of the dungeon, and saw 7 of its levels.
You also visited: Ossuary.

You collected 289 gold pieces.

Inventory:

Missiles
 a - 78 arrows
 m - 3 silver boomerangs (quivered)
 A - 31 poisoned darts
 G - 6 silver javelins
Jewellery
 n - an amulet of regeneration (around mantle)
 B - a ring of ice (left tentacle)
 E - a +4 ring of evasion (right tentacle)
Wands
 e - a wand of iceblast (8)
 l - a wand of random effects (15)
 t - a wand of paralysis (8)
 v - a wand of polymorph (9)
 y - a wand of digging (7)
Scrolls
 b - 4 scrolls of remove curse
 d - 8 scrolls of teleportation
 f - 4 scrolls of enchant weapon
 g - 2 scrolls of amnesia
 h - 4 scrolls of fog
 j - 3 scrolls of magic mapping {unknown}
 q - a scroll of enchant armour {unknown}
 s - a scroll of noise {unknown}
 u - 2 scrolls of blinking
 C - a scroll of silence {unknown}
 D - a scroll of fear {unknown}
 I - a scroll of identify
Potions
 i - 2 potions of heal wounds
 k - 5 potions of curing
 o - a potion of resistance
 p - a potion of magic
 r - 3 potions of flight
 w - 2 potions of brilliance
 x - 3 potions of mutation
 z - a potion of stabbing
 F - a potion of lignification {unknown}
Comestibles
 c - 12 rations
 H - 4 chunks of flesh


   Skills:
 + Level 2.4 Fighting
 + Level 0.7 Throwing
 + Level 5.1 Dodging
 + Level 5.4 Stealth
 + Level 8.2 Unarmed Combat
 * Level 5.7 Spellcasting
 * Level 5.7 Transmutations
 + Level 1.6 Poison Magic
 + Level 0.5 Evocations


You had 13 spell levels left.
You knew the following spells:

 Your Spells              Type           Power        Failure   Level  Hunger
a - Beastly Appendage     Tmut           ####..       1%          1    None
b - Sticks to Snakes      Tmut           ####....     1%          2    None
c - Spider Form           Tmut/Pois      ###.......   9%          3    ##.....

Your spell library contained the following spells:

 Spells                   Type           Power        Failure   Level  Hunger
 Passwall                 Tmut/Erth      ###.....     6%          2    None
 Sandblast                Erth           #.....       12%         1    None
 Blade Hands              Tmut           ####......   32%         5    #####..
 Ice Form                 Ice/Tmut       ###.....     36%         4    ####...
 Petrify                  Tmut/Erth      ###.....     36%         4    ####...
 Leda's Liquefaction      Hex/Erth       #.........   77%         4    ####...
 Shatter                  Erth           #.........   100%        9    #######


Dungeon Overview and Level Annotations

Branches:
Dungeon (7/15)             Temple (0/1) D:7         Ossuary (visited)

Altars:
Dithmenos
Elyvilon
Hepliaklqana
Okawaru
Sif Muna
Trog
Uskayaw
Xom
Zin

Annotations:
D:6 exclusion: 2 downstairs


Innate Abilities, Weirdness & Mutations

You cannot wear most types of armour.
You are very stealthy in the water. (Stealth+)
You are amphibious.
You can wear up to eight rings at the same time.
You can use your tentacles to constrict eight enemies at once.
Your skin changes colour to match your surroundings (Stealth+).
Your rubbery body absorbs attacks. (AC +1, EV +1)


Message History

Your tentacle spike disappears.
You feel sick. The water moccasin bites you.
You barely miss the water moccasin. Your grab misses the water moccasin.
The water moccasin is severely wounded.
The water moccasin misses you.
You closely miss the water moccasin. You grab the water moccasin.
The water moccasin is severely wounded.
You constrict the water moccasin.
You feel sick.
The water moccasin completely misses you.
Something unseen opens the door.
The water moccasin bites you.
You are more poisoned.
The water moccasin poisons you!
You release your grip on the water moccasin.
You feel sick.
You feel sick. The water moccasin bites you.
You feel sick.
The two-headed ogre hits you with a +0 giant club!
* * * LOW HITPOINT WARNING * * *
The two-headed ogre hits you with a +0 dire flail!
You die...

#......# #.............##
#......# #############..#
#......###### ##.#
#########...## ##. O##.##
#.....#####.. ..#..#
#..#.........#..##.#
#.....##'##..ยง. #.# ##.SO##
.Y. #.. ##@## #.# #.. #)# #.#
#.. ############# #.# #.# #..
#...........# #.# #.# ##.
#...........###.## ##.## ##
#...........##...## ##...##
#.
#...........#.....#####.....#
#.
#...........#..#......)..#..#
#.
#...........#.....##'##.....#
#.


You could see a two-headed ogre and a water moccasin.

Vanquished Creatures
  Pikel (D:7)
  A wraith (Ossuary)
  2 orc warriors
  4 sky beasts
  A phantom (D:6)
  A centaur (D:6)
  3 ogres
  2 bullfrogs
  A scorpion (D:7)
  A howler monkey (D:6)
  2 crimson imps
  A centaur zombie (D:6)
  A bullfrog zombie (D:6)
  4 hounds
  2 bullfrog skeletons
  9 orc wizards
  3 orc priests (D:7)
  Ijyb (D:3)
  2 iguanas
  3 worker ants (D:4)
  A mummy (Ossuary)
  3 gnolls (D:6)
  6 adders
  2 shadow imps
  2 adder skeletons
  3 worms
  A dart slug (D:1)
  2 leopard geckos
  26 orcs
  A ball python (D:3)
  5 giant cockroaches
  3 goblins
  2 hobgoblins (D:1)
  5 jackals (D:7)
  4 kobolds
  5 quokkas
  5 bats
  3 frilled lizards
  4 gnoll skeletons (Ossuary)
  A jackal skeleton (D:4)
  2 jackal zombies
  8 kobold skeletons (Ossuary)
  13 orc skeletons (Ossuary)
  A quokka skeleton (D:4)
  9 rats
162 creatures vanquished.

Notes
Turn   | Place    | Note
-------+----------+-------------------------------------------
     0 | D:1      | H0rd4k the Octopode Transmuter began the quest for the Orb.
     0 | D:1      | Reached XP level 1. HP: 13/13 MP: 3/3
   423 | D:1      | Reached XP level 2. HP: 18/18 MP: 5/5
  1157 | D:2      | Found a shimmering blue altar of Sif Muna.
  1157 | D:2      | Found an iron altar of Okawaru.
  1157 | D:2      | Found a shadowy altar of Dithmenos.
  1775 | D:3      | Reached XP level 3. HP: 23/23 MP: 6/6
  1895 | D:3      | Reached skill level 1 in Stealth
  2016 | D:3      | Noticed Ijyb
  2024 | D:3      | Killed Ijyb
  2024 | D:3      | Reached XP level 4. HP: 28/28 MP: 5/7
  2057 | D:3      | Found a bloodstained altar of Trog.
  2561 | D:4      | Reached XP level 5. HP: 5/33 MP: 9/9
  2650 | D:4      | Found a glowing silver altar of Zin.
  2676 | D:4      | Reached skill level 4 in Unarmed Combat
  2854 | D:4      | Noticed an ogre
  2968 | D:4      | Found a glowing drain.
  3060 | D:4      | Found a hazy altar of Hepliaklqana.
  3176 | D:4      | Learned a level 2 spell: Sticks to Snakes
  3180 | D:4      | Learned a level 3 spell: Spider Form
  3191 | D:4      | Killed an ogre
  3191 | D:4      | Reached XP level 6. HP: 17/38 MP: 6/10
  3403 | D:5      | Entered Level 5 of the Dungeon
  3408 | D:5      | Found a sand-covered staircase.
  3414 | Ossuary  | Entered an ossuary
  3414 | Ossuary  | Noticed a wraith
  3414 | Ossuary  | Noticed a wraith
  3414 | Ossuary  | Noticed a wraith
  3529 | Ossuary  | Noticed a wraith
  3552 | Ossuary  | Killed a wraith
  3552 | Ossuary  | Reached XP level 7. HP: 33/43 MP: 9/12
  4039 | D:5      | Reached skill level 5 in Unarmed Combat
  4515 | D:6      | Reached XP level 8. HP: 42/48 MP: 12/14
  4631 | D:5      | Reached skill level 6 in Unarmed Combat
  4776 | D:6      | Reached skill level 5 in Stealth
  4909 | D:6      | Found a shimmering blue altar of Sif Muna.
  5156 | D:6      | Reached skill level 5 in Spellcasting
  5243 | D:6      | Reached skill level 7 in Unarmed Combat
  5313 | D:6      | Found a shimmering altar of Xom.
  5313 | D:6      | Found a white marble altar of Elyvilon.
  5328 | D:6      | Identified Axung's Tome of the Rocks
  5520 | D:7      | Found a hide-covered altar of Uskayaw.
  5539 | D:7      | Reached XP level 9. HP: 54/54 MP: 16/16
  5640 | D:7      | Reached skill level 5 in Transmutations
  5662 | D:7      | Noticed Pikel
  5832 | D:7      | Found a staircase to the Ecumenical Temple.
  5918 | D:7      | Reached skill level 1 in Poison Magic
  6070 | D:7      | Killed Pikel
  6070 | D:7      | Reached skill level 5 in Dodging
  6070 | D:7      | Reached skill level 8 in Unarmed Combat
  6441 | D:7      | Noticed a two-headed ogre
  6759 | D:7      | Slain by a two-headed ogre

Illustrated notes

Levels and vault maps discovered:
D:1:      minmay_arrival_wavy_path, layout_loops_corners
D:2:      layout_rooms, grunt_temple_overflow_open, serial_forest,
          infiniplex_forest_zigzag_2, infiniplex_forest_straight_4,
          infiniplex_forest_clump_cross, infiniplex_forest_join,
          infiniplex_forest_clump_tiny
D:3:      layout_loops_corners, bloody_trog, uniq_ijyb
D:4:      layout_basic, lemuel_crystal_altar, zin_scriptorium,
          cheibrodos_sewer_entry_bend, first_ration
D:5:      layout_loops_cross, enter_ossuary_1
D:6:      layout_cave_pools, gammafunk_temple_overflow_elements,
          serial_column_ruins, column_ruins_square_medium,
          column_ruins_temple_hut, column_ruins_open_medium,
          column_ruins_open_tiny, column_ruins_grid_3, column_ruins_open_large,
          column_ruins_corridor_plus, column_ruins_open_small,
          column_ruins_open_large
D:7:      minmay_octagon_keep, layout_basic, eat_drink_and_be_merry_uskayaw,
          minmay_temple_entry_large_hall, nrook_mini_backslash, uniq_pikel

Skill      XL: |  1  2  3  4  5  6  7  8  9 |
---------------+----------------------------+-----
Stealth        | 1 2 3 4 5 |  5.4
Unarmed Combat | 4 5 7 8 |  8.2
Spellcasting   | 3 4 5 |  5.7
Transmutations | 3 4 5 |  5.7
Dodging        | 3 4 5 |  5.1
Fighting       | 2 |  2.4
Poison Magic   | 1 |  1.6
Throwing       | |  0.7
Evocations     | |  0.5

Action                   |  1- 3 |  4- 6 |  7- 9 || total
-------------------------+-------+-------+-------++-------
Melee: Unarmed           |    79 |   113 |   311 ||   503
       Constrict         |    19 |    26 |    60 ||   105
       Tentacles         |    13 |    22 |    51 ||    86
       Kick              |     4 |    21 |    37 ||    62
       Punch             |     1 |     7 |     6 ||    14
Throw: Boomerang         |       |       |     5 ||     5
 Cast: Beastly Appendage |     3 |     9 |    17 ||    29
       Spider Form       |       |     1 |     5 ||     6
Evoke: Wand              |       |     1 |     8 ||     9
  Use: Potion            |       |     2 |     1 ||     3
       Scroll            |       |       |    15 ||    15
 Stab: Sleeping          |     8 |     9 |     4 ||    21
       Paralysed         |       |       |     3 ||     3
  Eat: Chunk             |     3 |     5 |     9 ||    17
       Ration            |       |       |     1 ||     1
Armor: Skin              |     2 |     7 |     8 ||    17
Dodge: Dodged            |    35 |    58 |   191 ||   284
